 Dungeon Crawl Stone Soup version 0.31-a0-95-g6fa058ef04 (webtiles) character file.

Game seed: 13242424516684452598

74147 edwardauron the Metallomancer (level 15, -1/82 HPs)
             Began as a Gargoyle Earth Elementalist on May 25, 2023.
             Was a High Priest of Vehumet.
             Slain by a very large slime creature (39 damage)
             ... on level 15 of the Dungeon.
             The game lasted 00:47:37 (22416 turns).

edwardauron the Metallomancer (GrEE)               Turns: 22416, Time: 00:47:38

Health: -1/82      AC: 34    Str: 12    XL:     15   Next: 45%
Magic:  2/38       EV: 11    Int: 21    God:    Vehumet [*****.]
Gold:   2813       SH: 11    Dex: 14    Spells: 7/34 levels left

rFire   . . .        a - staff of earth
rCold   . . .        D - +0 buckler
rNeg    + . .        n - +2 steam dragon scales
rPois   ∞            s - +2 hat
rElec   +            T - +1 cloak {rCorr}
rCorr   +            r - +1 Delatra's gloves {ID++}
SInv    .            E - +0 pair of boots
Will    +....        K - amulet of reflection
Stlth   ++           i - ring of magical power
HPRegen 0.33/turn    o - ring of wizardry
MPRegen 0.26/turn

%: reflection, wizardry (x1)
@: ice-armoured, flying, studying Maces & Flails
A: sickness immunity, AC +11, big wings, negative energy resistance 1,
electricity resistance, torment resistance 1, petrification resistance, agile 1
a: Renounce Religion


You were on level 15 of the Dungeon.
You worshipped Vehumet.
Vehumet was extremely pleased with you.
You visited 2 branches of the dungeon, and saw 20 of its levels.
You also visited: Sewer and Bailey.

You collected 2813 gold pieces.

Inventory:

Armour
 n - +2 steam dragon scales (worn)
 q - a +0 troll leather armour
 r - the +1 Delatra's gloves (worn) {ID++}
   (You found it on level 4 of the Dungeon)

   ID++:      It heals its wearer when they drink unknown potions, and restores
   their MP when they read unknown scrolls.
 s - a +2 hat (worn)
 D - a +0 buckler (worn)
 E - a +0 pair of boots (worn)
 T - a +1 cloak of preservation (worn)
Magical Staves
 a - a staff of earth (weapon)
 b - a staff of cold
Jewellery
 c - a +5 ring of evasion
 i - a ring of magical power (left hand)
 o - a ring of wizardry (right hand)
 v - an amulet of magic regeneration
 K - an amulet of reflection (around neck)
 Q - a ring of see invisible
Wands
 h - a wand of quicksilver (5)
 u - a wand of paralysis (3)
 w - a wand of polymorph (4)
 y - a wand of flame (48)
 J - a wand of digging (6)
 O - a wand of mindburst (2)
 R - a wand of iceblast (15)
Scrolls
 d - 2 scrolls of blinking
 g - 3 scrolls of fear
 j - 2 scrolls of amnesia
 k - 3 scrolls of poison
 t - 7 scrolls of teleportation
 x - 4 scrolls of enchant weapon
 B - 2 scrolls of butterflies
 I - a scroll of brand weapon
 N - 2 scrolls of magic mapping
 P - a scroll of silence
 S - a scroll of fog
 U - 10 scrolls of identify
Potions
 e - 2 potions of berserk rage
 f - 3 potions of brilliance
 l - 3 potions of degeneration {unknown}
 m - 4 potions of heal wounds
 p - 6 potions of curing
 z - 3 potions of might
 A - a potion of enlightenment
 C - 6 potions of haste
 G - a potion of magic
 M - a potion of ambrosia
 V - a potion of invisibility
Miscellaneous
 H - a piece from Xom's chessboard (15/15)
 W - a phial of floods
 Y - a box of beasts
 Z - a lightning rod (4/4)


   Skills:
 - Level 5.0 Fighting
 - Level 6.0 Armour
 - Level 1.5 Dodging
 - Level 2.1 Stealth
 - Level 8.0 Shields
 + Level 10.2 Spellcasting
 + Level 11.4 Conjurations
 - Level 4.0 Transmutations
 - Level 5.0 Ice Magic
 + Level 22.1 Earth Magic


You had 7 spell levels left.
You knew the following spells:

 Your Spells              Type           Power      Damage    Failure   Level
a - Sandblast             Erth           100%       2d20      0%          1
b - Stone Arrow           Conj/Erth      100%       3d13      1%          3
c - Frozen Ramparts       Ice            62%        1d10      1%          3
d - Lee's Rapid Deconstr  Erth           51%        3d24*     1%          5
e - Ozocubu's Armour      Ice            31%        N/A       1%          3
f - Orb of Destruction    Conj           27%        9d9       8%          7
g - Iskenderun's Battles  Conj           55%        2d11      1%          5

Your spell library contained the following spells:

 Spells                   Type           Power      Damage    Failure   Level
 Plasma Beam              Fire/Air       2%         2x1d14    83%         6
 Momentum Strike          Conj/Tloc      58%        3d9       1%          2
 Passwall                 Tmut/Erth      61%        N/A       1%          2
 Hailstorm                Conj/Ice       39%        3d9       1%          3
 Petrify                  Tmut/Erth      74%        N/A       1%          4
 Irradiate                Conj/Tmut      18%        3d17      1%          5
 Sting                    Tmut/Pois      52%        1d5       2%          1
 Poisonous Vapours        Pois/Air       10%        N/A       2%          2
 Ensorcelled Hibernation  Hex/Ice        30%        N/A       3%          2
 Blink                    Tloc           20%        N/A       4%          2
 Lesser Beckoning         Tloc           20%        N/A       4%          2
 Arcjolt                  Conj/Air       14%        1d24      4%          5
 Fireball                 Conj/Fire      14%        3d8       4%          5
 Spider Form              Tmut/Pois      13%        N/A       8%          3
 Ice Form                 Ice/Tmut       24%        N/A       9%          4
 Swiftness                Air            10%        N/A       10%         3
 Olgreb's Toxic Radiance  Pois           10%        N/A       10%         4
 Summon Ice Beast         Ice/Summ       15%        N/A       19%         4
 Conjure Ball Lightning   Conj/Air       14%        3x3d6     21%         6
 Anguish                  Hex/Necr       2%         N/A       45%         4
 Ozocubu's Refrigeration  Ice            15%        4d10      58%         7
 Summon Mana Viper        Hex/Summ       5%         N/A       80%         5
 Monstrous Menagerie      Summ           5%         N/A       100%        7
 Sublimation of Blood     Necr           Unusable   N/A       N/A         2

Dungeon Overview and Level Annotations

Branches:
Dungeon (15/15)            Temple (0/1) D:7            Lair (5/5) D:9
  Swamp (0/4) Lair:2        Snake (0/4) Lair:3        Slime (0/5) Lair:4
    Orc (0/2) D:10         Vaults (0/5) D:14          Sewer (visited)
 Bailey (visited)
 Depths: D:15

Altars:
Ashenzari
Cheibriados
Dithmenos
Elyvilon
Fedhas
Gozag
Hepliaklqana
Okawaru
Ru
Sif Muna
Uskayaw
Vehumet
Xom
Yredelemnul
Jiyva

Annotations:
D:4 3 runed translucent doors, Midn8's ghost, novice FoRe
Lair:3 exclusion: oklob plant


Innate Abilities, Weirdness & Mutations

You are immune to sickness and miasma.
Your stone body is resilient. (AC +11)
You are immune to poison.
Your large and strong wings let you fly.
You resist negative energy. (rN+)
You are resistant to electric shocks. (rElec)
You are resistant to unholy torment.
You are immune to petrification.
You are agile. (Dex +4, Str/Int -1)


Message History

Aim: a large slime creature (moderately wounded, 95% to hit)
You feel a surge of power!
The stone arrow hits the large slime creature!
The large slime creature is moderately wounded.
The wall freezes the slime creature!
Two slime creatures merge to form a very large slime creature.
The wall freezes the slime creature!
You block the slime creature's attack.
Casting: Stone Arrow (safe; 1% risk of failure)
Confirm with . or Enter, or press ? or * to list all spells.
Aiming: Stone Arrow (safe; 1% risk of failure)
Press: ? - help, Shift-Dir - straight line, f/p - very large slime creature
Aim: a very large slime creature (moderately wounded, 95% to hit)
You feel a surge of power!
The stone arrow hits the very large slime creature!!
The very large slime creature is heavily wounded.
The wall freezes the slime creature.
You block the slime creature's attack.
Casting: Stone Arrow (safe; 1% risk of failure)
Confirm with . or Enter, or press ? or * to list all spells.
Aiming: Stone Arrow (safe; 1% risk of failure)
Press: ? - help, Shift-Dir - straight line, f/p - very large slime creature
Aim: a very large slime creature (heavily wounded, 95% to hit)
You feel a surge of power!
The stone arrow hits the very large slime creature!!
The very large slime creature is heavily wounded.
The wall freezes the very large slime creature!
The very large slime creature closely misses you.
The wall freezes the slime creature.
The slime creature hits you!
Casting: Stone Arrow (safe; 1% risk of failure)
Confirm with . or Enter, or press ? or * to list all spells.
You don't have enough magic to cast this spell.
Unknown command.
The frozen ramparts melt away.
You block the very large slime creature's attack.
You block the slime creature's attack.
You block the very large slime creature's attack.
The slime creature barely misses you.
The very large slime creature hits you!!
The slime creature barely misses you.
The very large slime creature hits you!!!
You die...

...... ####.....
............. ##....
.............#######....
.............##.........
..........#.............
..........#.............
.....)....#..#..##......
........................
......J@................
.....#J#................
... #.##...............
. $. ##...........(..
... #........###... #..$
#....(#).).#..) ##..
####[.#.....##. ##.
##.#.##...## #.#####.<##


You could see a very large slime creature and a slime creature.

Vanquished Creatures
  An orc warlord (Bailey)
  Azrael (D:13)
  A fire dragon (D:9)
  A rakshasa (D:15)
  5 hydras
  A merfolk avatar (Lair:5)
  6 centaur warriors
  6 boulder beetles
  3 two-headed ogres
  6 death yaks
  A tengu warrior (D:11)
  Amaemon (Lair:2)
  Sonja (Lair:4)
  A skyshark (Lair:5)
  5 skeletal warriors (D:15)
  A sea snake (Lair:5)
  A bog body (Lair:2)
  2 wizards (D:14)
  2 deep elf pyromancers
  3 orc knights (D:15)
  A necromancer (D:14)
  An orc sorcerer (D:15)
  3 ugly things
  3 cyclopes
  3 black mambas
  3 manticores
  9 elephants (Lair:5)
  15 cane toads
  An orange demon (Lair:2)
  2 rime drakes
  4 kobold demonologists
  7 komodo dragons
  An efreet (D:13)
  2 hornets (Lair:5)
  3 polar bears
  8 trolls
  3 wind drakes (Lair:5)
  A meliai (D:10)
  A troll (shapeshifter) (D:14)
  14 blink frogs
  6 dream sheep (Lair:5)
  A jumping spider (shapeshifter) (D:13)
  8 slime creatures
  2 vampires
  3 shadows
  2 wraiths (D:10)
  4 wyverns
  46 yaks
  7 vampire mosquitoes
  7 steam dragons
  2 fire elementals (D:13)
  A human (shapeshifter) (D:10)
  5 basilisks
  A warg (D:15)
  3 nagas (Lair:3)
  2 acid dragons
  11 water moccasins
  4 hell hounds (D:13)
  4 ice beasts (D:9)
  10 orc warriors
  A sky beast (D:8)
  A black bear (Lair:2)
  16 wolves
  8 centaurs
  2 ogres (D:7)
  11 kobold brigands
  2 phantoms
  A gnoll sergeant (D:10)
  16 bullfrogs
  A scorpion (D:7)
  9 wights
  5 howler monkeys
  An electric eel (D:9)
  4 crimson imps (D:9)
  2 jellies
  15 orc priests
  A hound (D:6)
  A gnoll bouda (D:6)
  A sleepcap (D:4)
  2 iguanas
  12 orc wizards
  7 adders
  13 gnolls
  3 river rats
  3 shadow imps (D:6)
  6 white imps
  7 ufetubi
  2 worms
  4 dart slugs
  53 orcs
  17 ball pythons
  11 endoplasms
  5 giant cockroaches
  7 goblins
  7 hobgoblins
  2 jackals (D:2)
  3 quokkas
  5 bats
  A frilled lizard (D:1)
  37 kobolds
  9 rats
577 creatures vanquished.

Vanquished Creatures (others)
  A kobold (D:7)
1 creature vanquished.

Grand Total: 578 creatures vanquished

Notes
Turn   | Place    | Note
-------+----------+-------------------------------------------
     0 | D:1      | edwardauron the Gargoyle Earth Elementalist began the quest
                  | for the Orb.
     0 | D:1      | Reached XP level 1. HP: 10/10 MP: 3/3
   131 | D:1      | Reached skill level 4 in Earth Magic
   133 | D:1      | Reached XP level 2. HP: 11/15 MP: 1/5
   515 | D:1      | Found a faded altar of an unknown god.
   515 | D:1      | Noticed a neqoxec
   816 | D:1      | Reached XP level 3. HP: 19/19 MP: 4/6
  1564 | D:2      | Reached skill level 5 in Earth Magic
  1985 | D:3      | Learned a level 3 spell: Stone Arrow
  2038 | D:3      | You fall into a shaft and drop 2 floors!
  2038 | D:5      | Entered Level 5 of the Dungeon
  2083 | D:5      | Reached XP level 4. HP: 4/24 MP: 8/8
  2176 | D:5      | Noticed a phantom
  2181 | D:5      | Killed a phantom
  2182 | D:5      | Reached skill level 6 in Earth Magic
  2182 | D:5      | Reached XP level 5. HP: 28/28 MP: 10/10
  2367 | D:4      | Reached XP level 6. HP: 32/32 MP: 11/11
  2373 | D:4      | Noticed an orc warrior
  2410 | D:4      | Killed an orc warrior
  2411 | D:4      | Reached skill level 1 in Conjurations
  2411 | D:4      | Reached skill level 7 in Earth Magic
  2605 | D:4      | Found a glowing drain.
  2623 | Sewer    | Entered a sewer
  2777 | Sewer    | Reached XP level 7. HP: 36/36 MP: 13/13
  3073 | Sewer    | Reached skill level 8 in Earth Magic
  3236 | Sewer    | Reached skill level 1 in Fighting
  3291 | Sewer    | Reached XP level 8. HP: 44/44 MP: 14/14
  3449 | D:4      | Found a runed translucent gate.
  3450 | D:4      | Found a runed translucent gate.
  3450 | D:4      | Found an opulent altar of Gozag.
  3451 | D:4      | Found a runed translucent gate.
  3698 | D:4      | Noticed Midn8's ghost (novice FoRe)
  3755 | D:4      | Found the +1 Delatra's gloves {ID++}
  4025 | D:3      | Found a radiant altar of Vehumet.
  4033 | D:3      | Became a worshipper of Vehumet
  4133 | D:3      | Found a shimmering blue altar of Sif Muna.
  4946 | D:5      | Found a hazy altar of Hepliaklqana.
  5144 | D:6      | Reached skill level 9 in Earth Magic
  5468 | D:6      | Reached * piety under Vehumet
  5468 | D:6      | Offered knowledge of Foxfire by Vehumet.
  6026 | D:7      | Reached skill level 5 in Fighting
  6026 | D:7      | Reached skill level 10 in Earth Magic
  6029 | D:7      | Found a hide-covered altar of Uskayaw.
  6113 | D:7      | Reached XP level 9. HP: 54/54 MP: 15/15
  6113 | D:7      | Offered knowledge of Magic Dart by Vehumet.
  6114 | D:7      | Reached ** piety under Vehumet
  6146 | D:7      | Reached skill level 5 in Spellcasting
  6146 | D:7      | Reached skill level 11 in Earth Magic
  6217 | D:7      | Found a staircase to the Ecumenical Temple.
  6239 | D:7      | Found a flagged portal.
  6249 | D:7      | Reached skill level 1 in Armour
  6261 | Bailey   | Entered a bailey
  6308 | Bailey   | Noticed an orc warlord
  6389 | Bailey   | Found a runed translucent gate.
  6391 | Bailey   | Found a runed translucent gate.
  6394 | Bailey   | Found a runed translucent gate.
  6560 | Bailey   | Killed an orc warlord
  6561 | Bailey   | Reached skill level 5 in Armour
  6561 | Bailey   | Reached skill level 12 in Earth Magic
  6563 | Bailey   | Offered knowledge of Dazzling Flash by Vehumet.
  6611 | Bailey   | Acquired a staff of earth
  6799 | D:7      | Reached XP level 10. HP: 59/59 MP: 17/17
  6834 | D:7      | Reached *** piety under Vehumet
  6860 | D:7      | Reached skill level 13 in Earth Magic
  7029 | D:7      | Offered knowledge of Frozen Ramparts by Vehumet.
  7038 | D:7      | Learned a level 3 spell: Frozen Ramparts
  7322 | D:8      | Noticed a two-headed ogre
  7511 | D:8      | Killed a two-headed ogre
  7534 | D:8      | Reached skill level 14 in Earth Magic
  7557 | D:8      | Found a white marble altar of Elyvilon.
  7589 | D:8      | Reached skill level 1 in Ice Magic
  7669 | D:8      | Found a shadowy altar of Dithmenos.
  7669 | D:8      | Found a snail-covered altar of Cheibriados.
  7771 | D:8      | Found a sacrificial altar of Ru.
  7790 | D:8      | Reached skill level 1 in Shields
  7994 | D:9      | Found a broken altar of Ashenzari.
  8067 | D:9      | Found a shimmering altar of Xom.
  8201 | D:9      | Reached XP level 11. HP: 56/63 MP: 20/20
  8239 | D:9      | Reached **** piety under Vehumet
  8243 | D:9      | Offered knowledge of Yara's Violent Unravelling by Vehumet.
  8304 | D:9      | Reached skill level 15 in Earth Magic
  8321 | D:9      | Found a staircase to the Lair.
  8376 | D:9      | Reached skill level 5 in Shields
  8480 | D:9      | Noticed a fire dragon
  8606 | D:9      | Gained mutation: You are agile. (Dex +4, Str/Int -1)
                  | [potion of mutation]
  8634 | D:9      | Killed a fire dragon
  8956 | D:9      | Found a basalt altar of Yredelemnul.
  9066 | D:9      | Found an iron altar of Okawaru.
  9258 | D:10     | Entered Level 10 of the Dungeon
  9309 | D:10     | Noticed a soul eater
  9458 | D:10     | Noticed a two-headed ogre
  9465 | D:10     | Killed a two-headed ogre
  9466 | D:10     | Reached skill level 16 in Earth Magic
  9775 | D:10     | Found a blossoming altar of Fedhas.
  9953 | D:10     | Reached ***** piety under Vehumet
  9954 | D:10     | Offered knowledge of Lee's Rapid Deconstruction by Vehumet.
  9961 | D:10     | Learned a level 5 spell: Lee's Rapid Deconstruction
  9990 | D:10     | Found a staircase to the Orcish Mines.
 10138 | D:10     | Noticed a cyclops
 10138 | D:10     | Noticed a manticore
 10147 | D:10     | Killed a manticore
 10155 | D:10     | Killed a cyclops
 10156 | D:10     | Reached XP level 12. HP: 29/68 MP: 18/21
 10357 | D:10     | Noticed a boulder beetle
 10362 | D:10     | Noticed a boulder beetle
 10620 | Lair:1   | Entered Level 1 of the Lair of Beasts
 10632 | Lair:1   | Reached skill level 17 in Earth Magic
 10688 | Lair:1   | Identified the +1 leather armour of Defence {Drain Regen+
                  | Str+5 Dex+8 Stlth-}
 11755 | Lair:2   | Acquired 1087 gold pieces
 11796 | Lair:2   | Found a staircase to the Swamp.
 11810 | Lair:2   | Got the Essays on Hiemal Exhalation
 11819 | Lair:2   | Learned a level 4 spell: Ice Form
 11854 | Lair:2   | Reached skill level 1 in Transmutations
 12148 | Lair:2   | Noticed Amaemon
 12205 | Lair:2   | Killed Amaemon
 12206 | Lair:2   | Reached skill level 18 in Earth Magic
 12449 | Lair:3   | Noticed an eight-headed hydra
 12456 | Lair:3   | Killed an eight-headed hydra
 12486 | Lair:3   | Found a blossoming altar of Fedhas.
 12551 | Lair:3   | Reached XP level 13. HP: 72/72 MP: 25/25
 12982 | Lair:3   | Reached skill level 5 in Ice Magic
 13087 | Lair:3   | Learned a level 3 spell: Ozocubu's Armour
 13214 | Lair:3   | Found a staircase to the Snake Pit.
 13520 | Lair:4   | Found a staircase to the Slime Pits.
 13610 | Lair:4   | Noticed Sonja
 13617 | Lair:4   | Killed Sonja
 13900 | Lair:4   | Found a viscous altar of Jiyva.
 14025 | Lair:4   | Reached skill level 19 in Earth Magic
 14259 | Lair:5   | Entered Level 5 of the Lair of Beasts
 14516 | Lair:5   | Offered knowledge of Orb of Destruction by Vehumet.
 14525 | Lair:5   | Learned a level 7 spell: Orb of Destruction
 14595 | Lair:5   | Reached skill level 10 in Spellcasting
 14681 | Lair:5   | Gained mutation: Your large and strong wings let you fly.
                  | [Gargoyle growth]
 14681 | Lair:5   | Reached XP level 14. HP: 43/64 MP: 28/28
 14920 | Lair:5   | Reached skill level 5 in Conjurations
 14976 | Lair:5   | Reached skill level 20 in Earth Magic
 15322 | Lair:5   | Identified the +1 robe "Gaelahan" {Dex+5}
 17812 | D:12     | Offered knowledge of Fireball by Vehumet.
 19051 | D:13     | Reached skill level 21 in Earth Magic
 19216 | D:13     | Learned a level 5 spell: Iskenderun's Battlesphere
 19653 | D:13     | Noticed Azrael
 19664 | D:13     | Killed Azrael
 20410 | D:13     | Reached XP level 15. HP: 69/82 MP: 29/29
 20627 | D:13     | Reached skill level 10 in Conjurations
 21541 | D:14     | Found a gate to the Vaults.
 21697 | D:15     | Entered Level 15 of the Dungeon
 21758 | D:15     | Offered knowledge of Plasma Beam by Vehumet.
 21950 | D:15     | Reached skill level 22 in Earth Magic
 22416 | D:15     | Slain by a very large slime creature

Illustrated notes

Levels and vault maps discovered:
D:1:      minmay_arrival_up_and_down, layout_rooms, serial_co_window_serial,
          co_window_corner_a, co_window_of_opportunity_a,
          co_window_of_opportunity_a, co_window_corner_a, co_window_paths_a,
          co_window_of_opportunity_a, co_window_of_opportunity_b,
          co_window_2corner, co_window_corner_ca, co_window_corner_ca,
          co_window_paths_c, co_window_cross_3, glass_columns_a,
          glass_columns_b, dreamdust_ecumenical_altar_sealed_demon,
          chequers_hall_statues_wall_a
D:2:      layout_loops_cross
D:3:      layout_basic, nicolae_vehumet_altar_sigil, lemuel_round_altar
D:4:      layout_gridville, ebering_ghost_gozag, portal_sewer_entry_a,
          pf_guarded_unrand_delatra
D:5:      layout_loops_cross, kennysheep_mini_moat
D:6:      layout_loops_ring, serial_demonic, serial_demonic_f, serial_demonic_b,
          serial_demonic_e, serial_demonic_a
D:7:      nzn_winding_woodlands_medium [nzn_winding_woodlands_5x5_closed_star,
          nzn_winding_woodlands_5x15_zeroes, nzn_winding_woodlands_5x5_three,
          nzn_winding_woodlands_5x5_open_star,
          nzn_winding_woodlands_center_pierced_h,
          nzn_winding_woodlands_5x5_perimeter,
          nzn_winding_woodlands_5x5_checkerboard,
          nzn_winding_woodlands_5x15_cabin, nzn_winding_woodlands_5x5_default],
          layout_rooms, nicolae_uskayaw_dance_hall,
          minmay_temple_entry_purple_smoke, enter_bailey_2
D:8:      layout_cave_pools, nicolae_ru_awakened_eye, elyvilon_altar_3,
          gammafunk_temple_overflow_elements, minmay_holes
D:9:      dragon1_lemuel, layout_gridville, cheibrodos_ashenzari_chains,
          hellmonk_okawaru_the_only_friend_you_need, yredelemnul_altar_generic,
          led_xom_imps, hellmonk_lair_entry_icy
D:10:     minmay_the_grid_plus_closed [minmay_the_grid_box_x,
          minmay_the_grid_garden, minmay_the_grid_minigrid_small_alt,
          minmay_the_grid_empty, minmay_the_grid_prize_four_corners],
          layout_loops_corners, fedhas_ov_isle_minmay, orc_0_dummy
D:11:     layout_gridville, corner_web_ring
D:12:     layout_basic
D:13:     layout_loops_corners, uniq_azrael
D:14:     layout_cave_pools, david_vaults_1, minmay_misc_feat_tiny
D:15:     gammafunk_enter_depths_forms, layout_cave_pools, minmay_orc_keep,
          uniq_agnes
Lair:1:   layout_cave_pods, lemuel_fruit_tree, infiniplex_staircase_pool_2,
          grunt_megastairs_4
Lair:2:   layout_cave_pods, skrybe_swamp_entry_bodies, grunt_megastairs_2,
          uniq_amaemon
Lair:3:   layout_gridlike, nicolae_snake_entry_squirm, lemuel_oklob_altar
Lair:4:   layout_concentric_octagons, slime_entry_1, uniq_sonja
Lair:5:   gammafunk_lair_ancient_temple, layout_gridlike

Skill      XL: |  1  2  3  4  5  6  7  8  9 10 11 12 13 14 15 |
---------------+----------------------------------------------+-----
Earth Magic    | 4 5 6 7 8 10 12 14 16 18 19 21 22 | 22.1
Spellcasting   | 3 4 5 6 8 10 | 10.2
Conjurations   | 2 4 9 11 | 11.4
Fighting       | 2 5 |  5.0
Armour         | 5 6 |  6.0
Ice Magic      | 1 3 5 |  5.0
Shields        | 3 8 |  8.0
Transmutations | 3 4 |  4.0
Dodging        | |  1.5
Stealth        | |  2.1

Action                     |  1- 3 |  4- 6 |  7- 9 | 10-12 | 13-15 || total
---------------------------+-------+-------+-------+-------+-------++-------
  Melee: Staff             |       |       |       |       |    11 ||    11
         Unarmed           |       |       |       |       |     5 ||     5
   Cast: Sandblast         |    50 |    65 |   195 |   275 |   269 ||   854
         Stone Arrow       |       |       |    11 |   107 |   353 ||   471
         Frozen Ramparts   |       |       |       |    19 |    43 ||    62
         Lee's Rapid Decon |       |       |       |     3 |    15 ||    18
         Ozocubu's Armour  |       |       |       |       |    15 ||    15
         Ice Form          |       |       |       |       |     1 ||     1
         Iskenderun's Batt |       |       |       |       |     1 ||     1
  Evoke: Wand              |       |       |       |     7 |       ||     7
    Use: Scroll            |     6 |     2 |    16 |     6 |     7 ||    37
         Potion            |       |     4 |     1 |     4 |     5 ||    14
 Armour: Robe              |     1 |     7 |    20 |       |       ||    28
         Skin              |       |     8 |       |       |    68 ||    76
         Steam dragon scal |       |       |    27 |    97 |    64 ||   188
         Leather armour    |       |       |       |    23 |    73 ||    96
  Dodge: Dodged            |     6 |    18 |    62 |   136 |   181 ||   403
  Block: Buckler           |       |       |       |    56 |   131 ||   187
         Reflection        |       |       |       |       |    10 ||    10

Table legend: (Time is in decaauts)
 A = Elapsed time spent in this place.
 B = Non-inter-level travel time spent in this place.
 C = Inter-level travel time spent in this place.
 D = Time resting spent in this place.
 E = Time spent auto-exploring this place.
 F = Levels seen in this place.
 G = Mean time per level.
                   A        B        C        D        E       F      G
               +--------+--------+--------+--------+--------+-----+--------+
         Total |  22974 |  22024 |    950 |   2439 |  15344 |  22 | 1044.3 |
       Dungeon |  15786 |  15050 |    736 |   1911 |  10574 |  15 | 1052.4 |
          Lair |   5833 |   5620 |    213 |    470 |   3927 |   5 | 1166.6 |
         Sewer |    915 |    915 |      0 |      0 |    740 |   1 |  915.0 |
        Bailey |    439 |    439 |      0 |     58 |    102 |   1 |  439.0 |
               +--------+--------+--------+--------+--------+-----+--------+

Top non-repeatable levels by time:
  Lair:5: 2019 daAuts
    D:13: 1759 daAuts
    D:10: 1696 daAuts
     D:9: 1352 daAuts
    D:12: 1238 daAuts
     D:7: 1134 daAuts
    D:11: 1097 daAuts
     D:1: 1092 daAuts
     D:4: 1084 daAuts
  Lair:3: 1010 daAuts
    D:14: 988 daAuts
  Lair:1: 966 daAuts
  Lair:2: 942 daAuts
   Sewer: 915 daAuts
     D:2: 910 daAuts
